 Dungeon Crawl Stone Soup version 0.20-a0-751-g905781e (webtiles) character file.

94789 M4edhros the Unseen (level 16, -1/163 HPs)
             Began as an Octopode Artificer on Feb 25, 2017.
             Was the Champion of Fedhas.
             Slain by a wolf spider (17 damage)
             ... on level 1 of the Spider Nest.
             The game lasted 01:04:28 (26868 turns).

M4edhros the Unseen (Octopode Artificer)           Turns: 26868, Time: 01:04:29

Health: -1/163     AC:  4    Str: 30    XL:     16   Next: 12%
Magic:  34/34      EV: 19    Int: 13    God:    Fedhas [******]
Gold:   2031       SH:  9    Dex: 14    Spells: 6/23 levels left

rFire    x . .     SeeInvis +   I - +8 whip "Snakebite" {curare, rPois}
rCold    + + .     Gourm    .   O - +3 warlock's mirror {reflect}
rNeg     . . .     Faith    .   A - +1 hat of the Duchess {Str+9 Dex-4}
rPois    +         Spirit   .   l - amulet of rage
rElec    +         Reflect  +   m - ring of magical power
rCorr    +         Harm     .   T - ring "Olenn" {Wiz rC+ Str+3}
MR       ++...     Rnd*Rage +   p - ring of fire
Stlth    ..........             U - ring "Coafufof" {rCorr rElec rC- MR+}
Regen    0.4/turn               j - ring of ice
MPRegen  0.3/turn               B - ring of ice
                                F - ring of ice
                                (no ring)

@: berserking, very quick
A: almost no armour, stealthy swim, amphibious, 8 rings, constrict 8, antennae
1, thin metallic scales 1, camouflage 1, see invisible, berserk 1, fire
resistance 1, screaming 1, wild magic 1, gelatinous body 1
a: Fungal Bloom, Evolution, Sunlight, Growth, Reproduction, Rain, Renounce
Religion, Evoke Berserk Rage


You were on level 1 of the Spider Nest.
You worshipped Fedhas.
Fedhas was exalted by your worship.
You were near starving.

You visited 5 branches of the dungeon, and saw 25 of its levels.
You also visited: Sewer and Ice Cave.

You collected 2559 gold pieces.
You spent 528 gold pieces at shops.

Inventory:

Hand Weapons
 I - the +8 whip "Snakebite" (weapon) {curare, rPois}
   (You found it on level 4 of the Lair of Beasts)

   It poisons the flesh of those it strikes.
   It protects you from poison.
 M - a +4 hunting sling
 N - the +8 rapier of Nemelex Xobeh's Envy {elec, rF+ Str+3 Int+3}
   (You found it on level 9 of the Dungeon)

   Occasionally, upon striking a foe, it will discharge some electrical energy
   and cause terrible harm.
   It affects your strength (+3).
   It affects your intelligence (+3).
   It protects you from fire.
 W - a +0 vampiric eveningstar
Missiles
 c - 62 sling bullets
 w - 584 stones (quivered)
Armour
 A - the +1 hat of the Duchess (worn) {Str+9 Dex-4}
   (You acquired it on level 5 of the Lair of Beasts)

   It affects your strength (+9).
   It affects your dexterity (-4).
 D - a +1 hat of magic resistance
 O - the +3 warlock's mirror (worn) {reflect}
   (You acquired it on level 14 of the Dungeon)
Jewellery
 j - a ring of ice (on tentacle)
 l - an amulet of rage (around mantle)
 m - a ring of magical power (left tentacle)
 p - a ring of fire (on tentacle)
 B - a ring of ice (on tentacle)
 F - a ring of ice (on tentacle)
 Q - an uncursed ring of ice
 T - the ring "Olenn" (right tentacle) {Wiz rC+ Str+3}
   (You found it on level 6 of the Lair of Beasts)

   [ring of wizardry]

   It improves your spell success rate.
   It affects your strength (+3).
   It protects you from cold.
 U - the ring "Coafufof" (on tentacle) {rCorr rElec rC- MR+}
   (You found it on level 3 of the Lair of Beasts)

   [ring of resist corrosion]

   It makes you vulnerable to cold.
   It insulates you from electricity.
   It affects your resistance to hostile enchantments.
Wands
 b - a wand of scattershot (2/9)
 h - a wand of flame (1/48)
 n - a wand of flame (18/48)
 H - a wand of iceblast (5/15)
 K - a wand of digging (4/24)
 L - a wand of iceblast (6/15)
 V - a wand of iceblast (9/15)
 Z - a wand of enslavement (4/24)
Scrolls
 a - a scroll of remove curse
 g - 4 scrolls of blinking
 i - a scroll of silence
 r - 2 scrolls of identify
 v - a scroll of summoning
 x - 9 scrolls of teleportation
 y - 5 scrolls of fear
 E - a scroll of enchant weapon
 X - 3 scrolls of fog
 Y - 3 scrolls of recharging
Potions
 d - 2 potions of haste
 e - 2 potions of agility
 t - 3 potions of magic
 u - a potion of resistance
 z - 3 potions of ambrosia
 C - 4 potions of mutation
 G - 5 potions of curing
 S - 5 potions of might
Books
 s - a book of Clouds

   Spells                             Type                      Level
   a - Poisonous Vapours              Poison/Air                   2
   b - Mephitic Cloud                 Conjuration/Poison/Air       3
   c - Conjure Flame                  Conjuration/Fire             3
   d - Freezing Cloud                 Conjuration/Ice/Air          6
   e - Ring of Flames                 Charms/Fire                  7
 P - a book of Necromancy

   Spells                             Type                      Level
   a - Pain                           Necromancy                   1
   b - Animate Skeleton               Necromancy                   1
   c - Vampiric Draining              Necromancy                   3
   d - Regeneration                   Charms/Necromancy            3
   e - Animate Dead                   Necromancy                   4
   f - Control Undead                 Necromancy                   4
 R - the Almanac of Dislocation
   (You found it on level 6 of the Lair of Beasts)

   Spells                             Type                      Level
   a - Apportation                    Translocation                1
   b - Portal Projectile              Hexes/Translocation          3
   c - Malign Gateway                 Summoning/Translocation      7
   d - Controlled Blink               Translocation                8
Miscellaneous
 o - 2 sacks of spiders
 J - a lightning rod (inert)
Comestibles
 f - 2 bread rations
 k - 13 meat rations
 q - 21 fruits


   Skills:
 + Level 9.8 Fighting
 - Level 10.6 Short Blades
 * Level 3.6 Maces & Flails
 - Level 7.7 Slings
 - Level 10.0 Dodging
 - Level 15.6 Stealth
 + Level 7.5 Shields
 + Level 4.4 Spellcasting
 - Level 3.9 Conjurations
 * Level 1.8 Charms
 - Level 1.2 Necromancy
 - Level 3.8 Ice Magic
 - Level 3.2 Air Magic
 + Level 3.0 Poison Magic
 - Level 12.0 Invocations
 - Level 9.3 Evocations


You had 6 spell levels left.
You knew the following spells:

 Your Spells              Type           Power        Failure   Level  Hunger
a - Mephitic Cloud        Conj/Pois/Air  ###.....     9%          3    ###....
b - Blink                 Tloc           N/A          16%         2    ##.....
c - Conjure Flame         Conj/Fire      ###.....     16%         3    ###....
d - Freezing Cloud        Conj/Ice/Air   ######....   100%        6    #######
e - Regeneration          Chrm/Necr      #.........   19%         3    ###....


Dungeon Overview and Level Annotations

Branches:
Dungeon (15/15)            Temple (1/1) D:7            Lair (6/6) D:9
 Shoals (0/4) Lair:4       Spider (1/4) Lair:4        Slime (0/5) Lair:6
    Orc (2/2) D:11            Elf (0/3) Orc:2        Vaults (0/5) D:14
 Depths: D:15

Altars:
Ashenzari
Cheibriados
Dithmenos
Elyvilon
Fedhas
Gozag
Hepliaklqana
Kikubaaqudgha
Makhleb
Nemelex Xobeh
Okawaru
Qazlal
Ru
Sif Muna
Trog
Uskayaw
Vehumet
Wu Jian
Xom
Yredelemnul
Zin
The Shining One
Beogh
Jiyva

Shops:
D:4 %   D:7 [   D:10 !   D:12 :   Orc:1 (   Orc:2 %[![:

Annotations:
Spider:1 Aizul


Innate Abilities, Weirdness & Mutations

You cannot wear most types of armour.
You are very stealthy in the water. (Stealth+)
You are amphibious.
You can wear up to eight rings at the same time.
You can use your tentacles to constrict eight enemies at once.
Your skin changes colour to match your surroundings (Stealth+).
Your rubbery body absorbs attacks. (AC +1, EV +1)
You have a pair of small antennae on your head.
You are partially covered in thin metallic scales. (AC +2)
You have supernaturally acute eyesight. (SInv)
You tend to lose your temper in combat.
Your flesh is heat resistant. (rF+)
You occasionally shout uncontrollably at your foes.
Your spells are a little harder to cast, but a little more powerful.


Message History

You constrict the jumping spider. The tarantella bites you!
* * * LOW HITPOINT WARNING * * *
The jumping spider leaps free!
You block the wolf spider's attack. The wolf spider closely misses you.
You closely miss the wolf spider. You grab the wolf spider.
You constrict the tarantella. You constrict the redback.
You constrict the wolf spider. The redback bites you.
* * * LOW HITPOINT WARNING * * *
The tarantella bites you!
* * * LOW HITPOINT WARNING * * *
Unknown command.
You whack the wolf spider!
The wolf spider is poisoned.
The wolf spider convulses.
The wolf spider seems to slow down.
The wolf spider is heavily wounded.
You constrict the tarantella. You constrict the redback.
You kill the redback!
You constrict the wolf spider, but do no damage.
The wolf spider hits you!
You die...
Fedhas appreciates your contribution to the ecosystem.

##.#.......# .......#.
#
#.......###....#.....
###.......##..........
......#..#...##.ss.
.....
......#......^#[..[
#... #.....#..#.......
#.. ##...##.... ..
#...## #... . ##.@.#
#. #s†s.# ......#
........^# #.S.#..#..#
#....#s..## #.......##
....##..


You could see Aizul, a wolf spider, a jumping spider and a tarantella.

Vanquished Creatures
  Rupert (D:14)
  Frances (D:14)
  A frost giant (IceCv)
  The ghost of Oper80 the Fighter, a journeyman DsFi of Wu Jian (Lair:4)
  A stone giant (Orc:2)
  Azrael (Orc:2)
  The ghost of jotwebe the Grappler, a journeyman DrTm of Hepliaklqana (Lair:4)
  An ettin (Orc:2)
  A vault guard (D:14)
  Erolcha (Orc:2)
  Fannar (D:10)
  A catoblepas (Lair:6)
  Erica (Lair:1)
  A centaur warrior (D:11)
  4 hydras
  2 ogre magi (Orc:2)
  3 death yaks
  7 two-headed ogres
  Urug (D:13)
  A tengu warrior (D:13)
  2 wandering mushrooms (IceCv)
  Nergalle (Orc:2)
  4 skeletal warriors (D:14)
  3 unseen horrors
  An orb spider (Spider:1)
  An orc knight (Orc:2)
  12 ugly things
  2 deep elf magi
  A manticore (D:14)
  7 orc sorcerers (Orc:2)
  13 elephants
  A cyclops (Orc:1)
  2 wolf spiders
  An ice statue (IceCv)
  7 black mambas
  A gargoyle (D:13)
  A guardian serpent (Lair:6)
  A kobold demonologist (D:13)
  15 spiny frogs
  A rime drake (Lair:2)
  An efreet (D:15)
  4 komodo dragons
  A tengu conjurer (D:13)
  The ghost of M4edhros the Covert, a novice OpAr of Xom (D:5)
  4 hornets
  6 trolls
  11 polar bears
  6 jumping spiders
  Grinder (D:4)
  3 blink frogs (Lair:2)
  3 slime creatures
  5 dream sheep (Lair:6)
  9 hippogriffs
  9 redbacks
  A shadow (D:13)
  4 tarantellas (Spider:1)
  2 water elementals (D:15)
  11 wyverns
  25 yaks
  A wraith (D:14)
  Grum (D:11)
  A human (shapeshifter) (D:14)
  3 basilisks
  5 fire elementals (Orc:2)
  6 vampire mosquitoes
  2 hell hounds (D:9)
  Edmund (D:4)
  2 wargs
  An acid dragon (D:14)
  A soldier ant (D:14)
  22 water moccasins
  8 porcupines
  15 orc warriors
  A phantom (D:14)
  An eye of draining (D:11)
  10 ice beasts
  A sky beast (D:5)
  2 black bears
  12 ogres
  21 wolves
  6 centaurs
  16 crocodiles
  5 big kobolds
  18 bullfrogs
  A wyvern skeleton (D:12)
  5 scorpions
  7 wights
  6 crimson imps
  10 howler monkeys
  7 hounds
  5 jellies
  2 centaur zombies
  5 centaur skeletons
  9 orc priests
  40 orc wizards
  6 iguanas
  10 worker ants
  2 hound skeletons
  A hound zombie (D:5)
  2 howler monkey skeletons
  5 gnolls
  16 adders
  4 shadow imps
  8 oozes
  An adder zombie (D:5)
  An adder skeleton (D:9)
  5 worms
  A dart slug (D:2)
  3 leopard geckos
  53 orcs
  5 ball pythons
  7 giant cockroaches
  8 goblins
  10 hobgoblins
  6 jackals
  30 kobolds
  3 quokkas
  15 bats
  6 frilled lizards
  2 leopard gecko skeletons
  2 quokka skeletons (D:5)
  10 rats
697 creatures vanquished.

Vanquished Creatures (collateral kills)
  3 two-headed ogres
  An ogre mage (Orc:2)
  The ghost of emsyzz the Cleaver, a novice HOFi of Zin (D:9)
  A skeletal warrior (D:14)
  An orc knight (Orc:2)
  4 ugly things
  2 black mambas
  A gargoyle (D:9)
  A kobold demonologist (D:13)
  3 spiny frogs (Lair:6)
  3 komodo dragons (Lair:6)
  A polar bear (IceCv)
  2 wyverns (Lair:6)
  2 yaks
  A fire elemental (Orc:2)
  A vampire mosquito (D:13)
  4 water moccasins (Lair:6)
  A hell hound (Orc:2)
  An orc warrior (Orc:2)
  An ice beast (D:9)
  A sky beast (D:6)
  3 ogres
  3 wolves
  2 crocodiles (Lair:6)
  A big kobold (D:13)
  A wandering mushroom (Orc:2)
  A scorpion (D:11)
  3 wights
  A howler monkey (D:8)
  2 crimson imps (D:10)
  9 jellies
  2 orc wizards
  2 orc priests
  2 centaur skeletons
  An iguana (D:4)
  A hound skeleton (D:10)
  10 oozes (D:7)
  14 orcs
  4 kobolds
  3 ballistomycete spores
101 creatures vanquished.

Vanquished Creatures (others)
  A two-headed ogre (Orc:2)
  4 oklob plants (Lair:6)
  An ugly thing (D:14)
  A cyclops (D:12)
  3 polar bears (IceCv)
  2 hornet zombies
  A wight (D:11)
  An orc wizard (Orc:2)
  A killer bee zombie (D:10)
  2 worker ant zombies
  A gnoll (D:10)
  3 orcs
  A kobold (D:2)
  15 wandering mushrooms
  A ballistomycete (D:11)
  A ballistomycete spore (D:11)
  27 fungi
  25 plants (Lair:6)
  605 toadstools
696 creatures vanquished.

Grand Total: 1494 creatures vanquished

Notes
Turn   | Place    | Note
-------+----------+-------------------------------------------
     0 | D:1      | M4edhros the Octopode Artificer began the quest for the Orb.
     0 | D:1      | Reached XP level 1. HP: 13/13 MP: 3/3
   237 | D:2      | Reached skill level 2 in Stealth
   275 | D:2      | Reached XP level 2. HP: 18/18 MP: 4/4
   281 | D:2      | Reached skill level 3 in Stealth
   500 | D:3      | Reached skill level 4 in Stealth
   616 | D:4      | Reached XP level 3. HP: 23/23 MP: 5/5
   661 | D:4      | Found Qugg's Food Shop.
   673 | D:4      | Noticed an ogre
   674 | D:4      | Reached skill level 5 in Stealth
   674 | D:4      | Reached XP level 4. HP: 19/28 MP: 6/6
   679 | D:4      | Killed an ogre
   679 | D:4      | Reached skill level 7 in Stealth
   679 | D:4      | Reached XP level 5. HP: 23/33 MP: 7/7
   793 | D:4      | Noticed Edmund
   841 | D:5      | Entered Level 5 of the Dungeon
  1231 | D:5      | Reached skill level 8 in Stealth
  1244 | D:5      | Reached XP level 6. HP: 28/38 MP: 8/8
  1430 | D:5      | Noticed a sky beast
  1437 | D:5      | Killed a sky beast
  1437 | D:5      | Reached skill level 9 in Stealth
  1488 | D:5      | Noticed M4edhros's ghost (novice OpAr)
  1508 | D:5      | Killed M4edhros's ghost
  1508 | D:5      | Reached skill level 10 in Stealth
  1508 | D:5      | Reached XP level 7. HP: 19/43 MP: 9/9
  1611 | D:5      | Reached skill level 11 in Stealth
  2021 | D:6      | Found a glowing drain.
  2158 | D:7      | Found a staircase to the Ecumenical Temple.
  2166 | Temple   | Entered the Ecumenical Temple
  2459 | Temple   | Became a worshipper of Fedhas Madash
  2495 | Temple   | Fell from the grace of Fedhas
  2495 | Temple   | Became a worshipper of Xom of Chaos
  2519 | Temple   | Fell from the grace of Xom
  2519 | Temple   | Became a worshipper of Fedhas Madash
  2599 | Sewer    | Entered a sewer
  2660 | Sewer    | XOM: mild Ice miscast
  2800 | Sewer    | XOM: summons 2 hostile shadow creatures
  3112 | D:5      | XOM: mild Erth miscast
  3125 | D:4      | Noticed Grinder
  3135 | D:4      | Reached skill level 12 in Stealth
  3204 | D:3      | Reached * piety under Fedhas
  3226 | D:3      | XOM: noise
  3438 | D:1      | Reached XP level 8. HP: 48/48 MP: 10/10
  3597 | D:1      | XOM: summons 4 hostile demons
  3988 | D:2      | Reached ** piety under Fedhas
  4862 | D:3      | Reached skill level 1 in Slings
  4862 | D:3      | Reached skill level 1 in Shields
  4862 | D:3      | Reached skill level 1 in Invocations
  4904 | D:3      | XOM: god gift: scroll of teleportation
  5082 | D:4      | Killed Grinder
  5207 | D:4      | Killed Edmund
  5465 | D:4      | XOM: give mutations
  5465 | D:4      | Gained mutation: You occasionally shout uncontrollably at your foes. [Xom's mischief]
  5465 | D:4      | Gained mutation: Scrolls take you a little longer to read. [Xom's mischief]
  5465 | D:4      | Lost mutation: Scrolls take you a little longer to read. [Xom's mischief]
  5465 | D:4      | Gained mutation: Your body sometimes deteriorates upon taking damage. [Xom's mischief]
  5664 | D:6      | Gained mutation: You are partially covered in thin metallic scales. (AC +2) [mutagenic meat]
  5665 | D:6      | Gained mutation: You are partially covered in yellow scales. (AC +2) [mutagenic meat]
  5667 | D:6      | Gained mutation: You have supernaturally acute eyesight. (SInv) [mutagenic meat]
  5669 | D:6      | Lost mutation: Your body sometimes deteriorates upon taking damage. [mutagenic meat]
  5914 | D:6      | Reached XP level 9. HP: 48/55 MP: 12/12
  5922 | D:6      | XOM: cloud trail
  6719 | D:7      | Found Amiutyts's Armour Boutique.
  6756 | D:7      | Reached *** piety under Fedhas
  7162 | D:7      | Found a sparkling altar of Nemelex Xobeh.
  7314 | D:7      | Reached skill level 5 in Invocations
  7439 | D:8      | Reached skill level 5 in Evocations
  7459 | D:8      | Reached skill level 13 in Stealth
  7790 | D:8      | Found a stormy altar of Qazlal.
  7845 | D:8      | Reached XP level 10. HP: 47/63 MP: 14/14
  7930 | D:8      | XOM: noise
  7932 | D:8      | Noticed a two-headed ogre
  7943 | D:8      | Killed a two-headed ogre
  8080 | D:8      | XOM: harmless Fire miscast
  8387 | D:9      | Noticed emsyzz's ghost (novice HOFi)
  8408 | D:9      | Killed emsyzz's ghost
  8415 | D:9      | XOM: divination: detect items
  8433 | D:9      | Found an opulent altar of Gozag.
  8540 | D:9      | XOM: cloud trail
  8653 | D:9      | XOM: harmless Tmut miscast
  8735 | D:9      | Reached **** piety under Fedhas
  8848 | D:9      | Got a jewelled rapier
  8849 | D:9      | Identified the +8 rapier of Nemelex Xobeh's Envy {elec, rF+ Str+3 Int+3} (You found it on level 9 of the Dungeon)
  8916 | D:9      | Noticed a two-headed ogre
  8923 | D:9      | Killed a two-headed ogre
  9156 | D:9      | Found a white marble altar of Elyvilon.
  9163 | D:9      | Found a hide-covered altar of Uskayaw.
  9208 | D:9      | Found a burning altar of Makhleb.
  9209 | D:9      | Found an ancient bone altar of Kikubaaqudgha.
  9225 | D:9      | Noticed a gargoyle
  9240 | D:9      | Killed a gargoyle
  9450 | D:9      | Found a staircase to the Lair.
  9469 | D:9      | XOM: harmless Fire miscast
  9537 | D:9      | Reached skill level 5 in Dodging
  9572 | D:9      | Reached XP level 11. HP: 45/70 MP: 16/16
  9858 | D:9      | XOM: medium Air miscast
 10247 | D:9      | XOM: noise
 10293 | D:10     | Entered Level 10 of the Dungeon
 10293 | D:10     | Noticed a two-headed ogre
 10307 | D:10     | Killed a two-headed ogre
 10310 | D:10     | Reached skill level 5 in Fighting
 10564 | D:10     | Noticed Fannar
 10575 | D:10     | Killed Fannar
 10626 | D:10     | Found Pynwot's Distillery.
 10643 | D:10     | Bought 2 potions of might for 128 gold pieces
 10643 | D:10     | Bought a potion of curing for 48 gold pieces
 10657 | D:10     | XOM: noise
 10759 | D:10     | Noticed a two-headed ogre
 10771 | D:10     | Killed a two-headed ogre
 10771 | D:10     | Reached skill level 5 in Slings
 10943 | D:11     | Noticed a green ugly thing
 10946 | D:11     | Killed a green ugly thing
 11034 | D:11     | XOM: noise
 11142 | D:11     | Reached ***** piety under Fedhas
 11208 | D:11     | Reached skill level 5 in Short Blades
 11451 | D:11     | XOM: noise
 11519 | D:11     | Reached skill level 14 in Stealth
 11520 | D:11     | Noticed a centaur warrior
 11553 | D:11     | XOM: medium Tmut miscast
 11560 | D:11     | Killed a centaur warrior
 11844 | D:11     | XOM: medium Hex miscast
 11863 | D:11     | Found a staircase to the Orcish Mines.
 11878 | D:11     | XOM: medium Ice miscast
 11897 | D:11     | Noticed Grum
 11922 | D:11     | Killed Grum
 11937 | D:11     | XOM: noise
 12165 | D:11     | XOM: mild Conj miscast
 12185 | D:11     | You fall through a shaft for 3 floors!
 12185 | D:14     | Found a frozen archway.
 12208 | D:14     | Reached XP level 12. HP: 46/77 MP: 18/18
 12343 | IceCv    | Entered an ice cave
 12403 | IceCv    | XOM: 1-stop teleportation journey
 12479 | IceCv    | XOM: 3-stop teleportation journey
 12780 | IceCv    | XOM: noise
 12780 | IceCv    | Was forgiven by Xom
 12956 | IceCv    | Noticed a frost giant
 13111 | IceCv    | Killed a frost giant
 13247 | IceCv    | Noticed a death yak
 13261 | IceCv    | Killed a death yak
 13261 | IceCv    | Reached skill level 10 in Invocations
 13534 | D:14     | Noticed a two-headed ogre
 13650 | D:14     | Killed a two-headed ogre
 13976 | D:13     | Noticed a five-headed hydra
 13979 | D:13     | Killed a five-headed hydra
 13979 | D:13     | Reached XP level 13. HP: 85/85 MP: 20/20
 14372 | D:13     | Noticed Urug
 14388 | D:13     | Killed Urug
 14649 | D:14     | Reached skill level 15 in Stealth
 14801 | D:14     | Lost mutation: You are partially covered in yellow scales. (AC +2) [mutagenic meat]
 14802 | D:14     | Gained mutation: Your spells are a little easier to cast, but a little less powerful. [mutagenic meat]
 15036 | D:14     | Noticed Rupert
 15047 | D:14     | Killed Rupert
 15405 | D:14     | Noticed Frances
 15424 | D:14     | Killed Frances
 15560 | D:14     | Gained mutation: Your body sometimes deteriorates upon taking damage. [mutagenic meat]
 15721 | D:14     | Noticed a vault guard
 15723 | D:14     | Gained mutation: You are resistant to hostile enchantments. (MR+) [mutagenic meat]
 15744 | D:14     | Reached XP level 14. HP: 80/92 MP: 22/22
 15790 | D:14     | Gained mutation: Your flesh is heat resistant. (rF+) [mutagenic meat]
 15791 | D:14     | Gained mutation: You possess an exceptional clarity of mind. [mutagenic meat]
 15792 | D:14     | Gained mutation: You expend magic power (3 MP) to strengthen your wands. [mutagenic meat]
 15966 | D:14     | Found a gate to the Vaults.
 16041 | D:14     | Identified a scroll of acquirement
 16197 | D:15     | Entered Level 15 of the Dungeon
 16579 | D:12     | Lost mutation: Your body sometimes deteriorates upon taking damage. [potion of mutation]
 16579 | D:12     | Lost mutation: Your spells are a little easier to cast, but a little less powerful. [potion of mutation]
 16579 | D:12     | Gained mutation: You are partially covered in icy blue scales. (AC +2) [potion of mutation]
 16580 | D:12     | Lost mutation: You are resistant to hostile enchantments. (MR+) [potion of mutation]
 16580 | D:12     | Lost mutation: You expend magic power (3 MP) to strengthen your wands. [potion of mutation]
 16580 | D:12     | Lost mutation: You possess an exceptional clarity of mind. [potion of mutation]
 16580 | D:12     | Lost mutation: You are partially covered in icy blue scales. (AC +2) [potion of mutation]
 16580 | D:12     | Gained mutation: You have a pair of small antennae on your head. [potion of mutation]
 16580 | D:12     | Gained mutation: Your spells are a little harder to cast, but a little more powerful. [potion of mutation]
 16580 | D:12     | Gained mutation: You are resistant to hostile enchantments. (MR+) [potion of mutation]
 16713 | D:12     | Found Tocuntou's Book Boutique.
 17434 | Orc:1    | Entered Level 1 of the Orcish Mines
 17652 | D:4      | Bought a fruit for 18 gold pieces
 17652 | D:4      | Bought 3 fruits for 54 gold pieces
 17652 | D:4      | Bought a fruit for 18 gold pieces
 17810 | Orc:2    | Entered Level 2 of the Orcish Mines
 17813 | Orc:2    | Reached skill level 5 in Shields
 17864 | Orc:2    | Reached skill level 10 in Short Blades
 18104 | Orc:2    | Found a roughly hewn altar of Beogh.
 18353 | Orc:2    | Found a staircase to the Elven Halls.
 18353 | Orc:2    | Found Vaiwkowa's Food Shoppe.
 18369 | Orc:2    | Bought 2 fruits for 42 gold pieces
 18617 | Orc:2    | Noticed Azrael
 18635 | Orc:2    | Killed Azrael
 18793 | Orc:2    | Found Xodallayk's Antique Armour Shoppe.
 18838 | Orc:2    | Noticed a stone giant
 18849 | Orc:2    | Killed a stone giant
 18993 | Orc:2    | Noticed Nergalle
 18993 | Orc:2    | Found an ancient bone altar of Kikubaaqudgha.
 19000 | Orc:2    | Killed Nergalle
 19012 | Orc:2    | Found Betusmuog's Distillery.
 19071 | Orc:2    | Noticed Erolcha
 19189 | Orc:2    | Killed Erolcha
 19199 | Orc:2    | Found a radiant altar of Vehumet.
 19216 | Orc:2    | Found a roughly hewn altar of Beogh.
 19217 | Orc:2    | Found Iluittil's Antique Armour Shoppe.
 19468 | Orc:2    | Gained mutation: You tend to lose your temper in combat. [a neqoxec]
 19477 | Orc:2    | Found Olufesch's Book Shoppe.
 19489 | Orc:2    | Bought a book of Minor Magic for 220 gold pieces
 20087 | Orc:1    | Found Moezag's Weapon Shoppe.
 20088 | Orc:1    | Reached XP level 15. HP: 101/101 MP: 24/24
 20106 | Orc:1    | Learned a level 3 spell: Mephitic Cloud
 20109 | Orc:1    | Learned a level 2 spell: Blink
 20113 | Orc:1    | Learned a level 3 spell: Conjure Flame
 20381 | Lair:1   | Entered Level 1 of the Lair of Beasts
 20440 | Lair:1   | Noticed Erica
 20447 | Lair:1   | Killed Erica
 20597 | Lair:1   | Reached skill level 1 in Poison Magic
 20613 | Lair:1   | Reached skill level 1 in Conjurations
 21211 | Lair:1   | Reached ****** piety under Fedhas
 21385 | Lair:2   | Reached skill level 1 in Spellcasting
 21386 | Lair:2   | Reached skill level 1 in Air Magic
 21829 | Lair:3   | Learned a level 6 spell: Freezing Cloud
 22048 | Lair:3   | Got a transparent wooden ring
 22049 | Lair:3   | Identified the ring "Coafufof" {rCorr rElec rC- MR+} (You found it on level 3 of the Lair of Beasts)
 22431 | Lair:4   | Noticed jotwebe's ghost (journeyman DrTm)
 22450 | Lair:4   | Killed jotwebe's ghost
 22560 | Lair:4   | Noticed Oper80's ghost (journeyman DsFi)
 22800 | Lair:5   | Reached skill level 1 in Ice Magic
 22994 | Lair:5   | Found a glowing silver altar of Zin.
 23486 | Lair:4   | Killed Oper80's ghost
 23746 | Lair:4   | Found a staircase to the Shoals.
 23969 | Lair:4   | Found a hole to the Spider Nest.
 24263 | Lair:6   | Entered Level 6 of the Lair of Beasts
 24639 | Lair:6   | Reached skill level 1 in Maces & Flails
 24824 | Lair:6   | Identified the Almanac of Dislocation
 24862 | Lair:6   | Lost mutation: You are resistant to hostile enchantments. (MR+) [mutagenic meat]
 24883 | Lair:6   | Learned a level 3 spell: Regeneration
 25231 | Lair:6   | Reached skill level 1 in Necromancy
 25792 | Lair:6   | Found a viscous altar of Jiyva.
 25793 | Lair:6   | Found a staircase to the Slime Pits.
 25872 | Lair:6   | Reached skill level 1 in Charms
 26182 | Lair:6   | Reached XP level 16. HP: 98/109 MP: 25/25
 26290 | Lair:6   | Got a serpentine granite ring
 26291 | Lair:6   | Identified the ring "Olenn" {Wiz rC+ Str+3} (You found it on level 6 of the Lair of Beasts)
 26689 | Lair:5   | Got a bloodstained hat
 26700 | Lair:5   | Identified the +1 hat of the Duchess {Str+9 Dex-4} (You acquired it on level 5 of the Lair of Beasts)
 26775 | Spider:1 | Entered Level 1 of the Spider Nest
 26817 | Spider:1 | Reached skill level 10 in Dodging
 26865 | Spider:1 | Noticed Aizul
 26868 | Spider:1 | Slain by a wolf spider

Vault maps used:
D:1:      ncdulo_lavacross, serial_glass, glass_columns_b, glass_columns_b
D:4:      first_bread, serial_shops, shop, uniq_grinder, uniq_edmund
D:6:      portal_sewer_entry_b, serial_bayou_crossing
D:7:      lemuel_slime, lemuel_round_altar, minmay_temple_entry_overgrown,
          serial_shops, shop, grunt_ministairs_13
D:8:      nicolae_qazlal_general_emergency
D:9:      gammafunk_temple_overflow_pools, amethyst_overflow_temple_binary,
          overflow_temple_1_default, minmay_lair_entry_lava
D:10:     serial_shops, shop, uniq_fannar
D:11:     david_orc_4, uniq_grum
D:12:     serial_shops, shop
D:13:     uniq_urug
D:14:     david_vaults_5, portal_ice_cave_entry_ice_beasts,
          minmay_tree_intersection, uniq_frances, uniq_rupert
D:15:     gammafunk_enter_depths_forms, serial_park_gazebo, serial_shops,
          shop_fountains, serial_bayou_lagoon_a, chequers_big_river, uniq_kirke
Temple:   regret_index_temple_generic_petals
Lair:1:   beast_lair_carwin_9, infiniplex_staircase_pool_2, uniq_erica
Lair:3:   minmay_lair_oklob_bushes, uniq_nergalle
Lair:4:   minmay_guarded_unrand_snakebite, shoals_dummy_entry,
          spider_nest_entry_funnel_web, minivault_19,
          grunt_forest_small_clearings, grunt_megastairs_3
Lair:5:   basic_altar, minivault_25, beast_lair_carwin_1
Lair:6:   hangedman_lair_tendril_chambers, slime_altar_1,
          minmay_lair_oklob_chamber
Spider:1: uniq_aizul, uniq_josephine
Orc:1:    serial_shops, shop
Orc:2:    kennysheep_orc_mage_school, serial_shops, shop, basic_altar,
          uniq_erolcha, uniq_azrael
Sewer:    sewer_fruit_machine
IceCv:    ice_cave_caverns_03

Skill      XL: |  1  2  3  4  5  6  7  8  9 10 11 12 13 14 15 16 |
---------------+-------------------------------------------------+-----
Stealth        | 2 4 5 7 8 10 12 13 14 15 | 15.6
Slings         | 2 3 4 5 6 7 |  7.7
Shields        | 2 3 4 6 7 |  7.5
Invocations    | 3 5 7 8 10 11 12 | 12.0
Fighting       | 2 3 4 5 6 7 9 |  9.8
Dodging        | 3 4 5 6 7 9 10 | 10.0
Evocations     | 4 5 6 7 8 9 |  9.3
Short Blades   | 3 5 7 9 10 | 10.6
Poison Magic   | 2 3 |  3.0
Conjurations   | 3 |  3.9
Spellcasting   | 4 |  4.4
Air Magic      | 3 |  3.2
Ice Magic      | 3 |  3.8
Maces & Flails | 2 3 |  3.6
Necromancy     | 1 |  1.2
Charms         | 1 |  1.8

Action                   |  1- 3 |  4- 6 |  7- 9 | 10-12 | 13-15 | 16-18 || total
-------------------------+-------+-------+-------+-------+-------+-------++-------
Melee: Short sword       |    25 |       |       |       |       |       ||    25
       Constrict         |     8 |     6 |    77 |    39 |   120 |    18 ||   268
       Tentacles         |     5 |     5 |    51 |    78 |   235 |    18 ||   392
       Whip              |     5 |    30 |   298 |    45 |    46 |    30 ||   454
       Hunting sling     |       |     3 |       |       |       |       ||     3
       Rapier            |       |       |       |   354 |   871 |    16 ||  1241
 Fire: Hunting sling     |       |       |       |     6 |    15 |       ||    21
 Cast: Mephitic Cloud    |       |       |       |       |       |     1 ||     1
Invok: Fungal Bloom      |       |       |    61 |    50 |    84 |     4 ||   199
       Evolution         |       |       |     3 |    11 |     7 |       ||    21
       Sunlight          |       |       |     2 |     2 |     1 |       ||     5
       Reproduction      |       |       |       |     1 |     1 |       ||     2
 Abil: Evoke Berserk Rag |       |       |       |     3 |    13 |     1 ||    17
Evoke: Wand              |       |    11 |    26 |    28 |    20 |       ||    85
       Lightning rod     |       |       |       |       |     4 |       ||     4
  Use: Scroll            |       |     7 |     9 |    10 |    17 |     1 ||    44
       Potion            |       |       |       |     9 |     5 |     1 ||    15
 Stab: Sleeping          |     3 |     4 |    49 |    16 |    46 |     3 ||   121
       Distracted        |       |       |     2 |       |    12 |     1 ||    15
       Confused          |       |       |     1 |     4 |     9 |     2 ||    16
       Invisible         |       |       |       |     2 |       |       ||     2
       Petrified         |       |       |       |       |     7 |       ||     7
  Eat: Chunk             |       |     2 |     8 |       |    30 |     2 ||    42
       Royal jelly       |       |       |     4 |     2 |     3 |       ||     9
       Meat ration       |       |       |     1 |       |       |       ||     1
       Bread ration      |       |       |     1 |     4 |     6 |       ||    11
Armor: Skin              |     4 |     3 |    30 |    71 |    34 |     2 ||   144
Dodge: Dodged            |    27 |    19 |   167 |   222 |   440 |    27 ||   902
Block: Buckler           |       |       |    29 |    88 |   232 |    14 ||   363
       Reflection        |       |       |       |       |    18 |       ||    18
